Map: Acropolis LE

Players

xorr

  • Race: Protoss Protoss
  • League: Diamond
  • Spawn Location: 5:00

Mez - Winner!

  • Race: Terran Terran
  • League: Master
  • Spawn Location: 11:00

VOD

Have the link to the VOD?

Description

Time

  • Played on: Aug. 19, 2019, 5:26 p.m.
  • Length: 10:18
Show
View Real Time Build Order
Export as new Build Order

xorr Protoss 

Build Orders: Colossus Rush 

Get SALT Encoding   

  12  0:00  Probe  
  13  0:12  Probe  
  14  0:25  Pylon  
  14  0:30  Probe  
  15  0:44  Probe, Gateway  
  15  0:48  Assimilator  
  16  0:52  Probe  
  16  0:54  Assimilator  
  17  1:00  Probe  
  18  1:08  Probe  
  18  1:17  Probe  
  20  1:28  Probe  
  20  1:29  Assimilator  
  20  1:31  Cybernetics Core  
  21  1:40  Probe  
  22  1:52  Probe  
  23  2:03  Nexus  
  23  2:14  Pylon  
  23  2:24  Pylon  
  23  2:29  Stalker  
  25  2:46  Probe  
  26  2:59  Stalker  
  28  3:11  Probe  
  28  3:14  Probe  
  28  3:15  Robotics Facility  
  28  3:19  Probe  
  29  3:22  Probe  
  31  3:27  Probe  
  32  3:44  Probe x2  
  32  3:45  Shield Battery  
  34  3:53  Stargate  
  34  3:56  Probe x2  
  36  4:06  Observer  
  36  4:08  Probe x2  
  38  4:12  Robotics Bay  
  39  4:20  Probe x2  
  39  4:23  Immortal  
  41  4:29  Pylon  
  45  4:32  Probe x2  
  45  4:34  Forge  
  47  4:47  Probe  
  47  4:48  Probe  
  47  4:51  Colossus  
  50  5:00  Probe x2, Phoenix  
  57  5:12  Photon Cannon, Assimilator  
  57  5:15  Assimilator  
  57  5:18  Probe  
  57  5:19  Probe  
  59  5:21  Pylon  
  59  5:29  Void Ray  
  59  5:30  Photon Cannon  
  59  5:33  Extended Thermal Lance  
  59  5:34  Pylon  
  59  5:42  Probe  
  64  5:49  Probe  
  65  5:52  Nexus  
  65  5:54  Probe  
  68  5:57  Zealot  
  68  6:01  Probe  
  68  6:03  Pylon  
  69  6:06  Probe  
  69  6:10  Photon Cannon  
  70  6:13  Probe  
  70  6:18  Void Ray, Shield Battery, Probe  
  71  6:19  Pylon  
  71  6:25  Probe  
  77  6:30  Probe  
  78  6:37  Probe  
  79  6:41  Colossus  
  79  6:42  Photon Cannon, Pylon  
  79  6:43  Probe  
  80  6:49  Pylon  
  86  6:55  Zealot  
  86  6:59  Pylon  
  88  7:02  Pylon  
  88  7:07  Pylon  
  88  7:10  Void Ray, Pylon  
  88  7:13  Probe x2  
  88  7:15  Probe  
  95  7:26  Stargate  
  95  7:27  Photon Cannon  
  95  7:29  Photon Cannon  
  95  7:30  Shield Battery  
  95  7:43  Stargate  
  95  7:51  Probe x3, Pylon  
  98  7:52  Photon Cannon  
  98  7:53  Photon Cannon  
  98  7:56  Photon Cannon  
  98  8:00  Fleet Beacon  
  98  8:01  Protoss Ground Weapons Level 1  
  98  8:06  Probe  
  98  8:07  Probe x2  
  98  8:09  Protoss Air Weapons Level 1  
  101  8:18  Probe  
  101  8:19  Probe  
  103  8:27  Probe  
  103  8:30  Probe  
  103  8:31  Probe  
  106  8:37  Void Ray x2  
  106  8:38  Void Ray  
  112  8:57  Probe x2  
  112  9:02  Probe, Shield Battery  
  115  9:04  Shield Battery  
  115  9:05  Pylon  
  115  9:09  Probe, Stargate  
  116  9:13  Carrier  
  116  9:15  Photon Cannon  
  116  9:16  Pylon  
  116  9:20  Pylon  
  122  9:27  Photon Cannon  
  122  9:29  Photon Cannon  
  128  9:31  Photon Cannon  
  128  9:33  Shield Battery, Pylon  
Show
View Real Time Build Order
Export as new Build Order

Mez Terran - Winner!

Build Orders: Reaper Expand 

Get SALT Encoding   

  12  0:00  SCV  
  13  0:13  SCV  
  14  0:17  Supply Depot  
  14  0:25  SCV  
  15  0:39  SCV  
  15  0:40  Barracks  
  16  0:44  Refinery  
  16  0:51  SCV  
  17  1:03  SCV  
  18  1:15  SCV  
  19  1:28  Reaper, Orbital Command  
  20  1:40  Command Center  
  20  1:55  Bunker  
  20  1:57  SCV  
  20  1:58  Supply Depot  
  20  2:00  Marine  
  22  2:11  SCV  
  23  2:21  Barracks Reactor  
  23  2:32  Command Center  
  23  2:54  SCV  
  24  2:58  Factory  
  24  3:11  Marine  
  24  3:12  SCV, Marine  
  26  3:15  Orbital Command  
  26  3:25  SCV  
  27  3:29  Marine x2  
  27  3:30  Barracks  
  27  3:32  Barracks  
  29  3:34  Refinery  
  29  3:38  SCV  
  30  3:42  SCV  
  30  3:44  Orbital Command  
  31  3:50  Factory Tech Lab  
  31  3:52  SCV, Starport  
  32  4:02  SCV  
  32  4:04  SCV, Marine x2  
  35  4:15  SCV x2  
  35  4:17  SCV  
  38  4:19  Siege Tank  
  38  4:20  Barracks Tech Lab  
  38  4:21  Barracks Tech Lab  
  38  4:23  Refinery  
  41  4:27  SCV x2  
  41  4:28  Refinery  
  41  4:29  SCV  
  44  4:34  Starport Tech Lab  
  44  4:39  SCV x2  
  45  4:49  SCV  
  45  4:51  SCV  
  45  4:52  SCV  
  48  4:53  Siege Tank  
  48  4:55  Marine x4  
  55  5:01  SCV  
  55  5:03  SCV  
  55  5:04  SCV  
  58  5:08  Raven  
  58  5:13  Marine, Supply Depot  
  61  5:14  Supply Depot  
  61  5:16  Engineering Bay  
  61  5:17  Engineering Bay  
  61  5:22  Bunker  
  61  5:23  Supply Depot  
  61  5:24  Supply Depot  
  61  5:27  Stimpack  
  61  5:34  SCV x3, Marine x2  
  66  5:40  Factory Reactor  
  66  5:43  Marine x2  
  66  5:44  Combat Shield  
  66  5:46  SCV x3  
  71  5:52  Supply Depot  
  71  5:53  Supply Depot  
  71  5:58  Marine  
  71  5:59  SCV x2, Marauder  
  71  6:00  SCV, Marine  
  71  6:03  Starport Reactor  
  78  6:07  Terran Infantry Armor Level 1, Terran Infantry Weapons Level 1  
  78  6:09  Marauder  
  80  6:19  Supply Depot  
  80  6:20  Marauder  
  80  6:21  Marine  
  80  6:22  Supply Depot  
  80  6:23  Marine  
  84  6:30  Marine  
  85  6:36  Barracks  
  85  6:38  Barracks  
  85  6:40  Medivac x2  
  85  6:45  SCV x2  
  91  6:51  Marine x2, Marauder x2  
  91  6:52  Orbital Command  
  91  6:53  Widow Mine  
  91  6:54  Widow Mine  
  101  6:58  Armory  
  101  7:07  Concussive Shells  
  101  7:08  SCV x2  
  103  7:19  Refinery  
  103  7:20  SCV  
  103  7:21  Medivac x2  
  103  7:22  Supply Depot  
  112  7:23  Supply Depot  
  112  7:24  Supply Depot  
  112  7:29  Starport  
  108  7:32  Barracks Reactor  
  108  7:33  Marine x3, Marauder x2  
  108  7:34  SCV x3  
  118  7:46  SCV x3  
  118  7:47  Supply Depot x2  
  121  7:52  Marauder  
  121  7:54  Terran Ship Weapons Level 1  
  121  7:55  Viking x2, Marauder  
  121  7:58  SCV  
  130  8:06  Marine x2, Marauder  
  130  8:07  Supply Depot  
  130  8:08  Supply Depot  
  134  8:13  Marauder  
  134  8:16  Marauder  
  134  8:21  Marine x2  
  134  8:23  Viking x2  
  134  8:24  Marine  
  139  8:27  Marauder  
  137  8:34  Marauder  
  128  8:44  Marine x4, Marauder  
  128  8:45  Viking x2  
  133  8:49  Marauder  
  133  8:53  Viking x2  
  139  8:57  Marauder  
  139  9:01  Marine  
  142  9:03  Refinery, Command Center  
  142  9:04  Supply Depot  
  142  9:05  Marauder  
  142  9:06  Marine x3  
  147  9:10  Marauder  
  149  9:18  Viking x2, Marine, Ghost Academy  
  154  9:27  Viking x2  
  154  9:28  Marine x5  
  152  9:46  Marine x7  
Tags
 
Add a new tag
Caveats
  • Supply blocks, unpowered buildings, or Contaminate may cause inaccurate times.
  • Supply counts are checked every 10 seconds.